 Dungeon Crawl Stone Soup version 0.28-a0-819-g6ef7baa362 (webtiles) character file.

Game seed: 1391807092411368984

60 lunkers the Skirmisher (level 4, -1/36 HPs)
             Began as a Djinni Cinder Acolyte on Nov 8, 2021.
             Was a High Priest of Ignis.
             Slain by a necrophage (6 damage)
             ... on level 3 of the Dungeon.
             The game lasted 00:03:56 (1668 turns).

lunkers the Skirmisher (Djinni Cinder Acolyte)      Turns: 1668, Time: 00:03:56

Health: -1/36      AC:  2    Str: 13    XL:     4   Next: 25%
Gold:   32         EV: 11    Int: 16    God:    Ignis [*****.] SH:  0 Dex:  9

rFire   + + +      SeeInvis .   g - +3 dagger
rCold   x . .      Faith    .   (no shield)
rNeg    . . .      Spirit   .   b - +0 robe
rPois   ∞          Reflect  .   (no helmet)
rElec   .          Harm     .   (no cloak)
rCorr   .          Rampage  .   (no gloves)
Will    .....                   (boots unavailable)
Stlth   +.........              (no amulet)
HPRegen 0.12/turn               (no ring)
MPRegen 0.00/turn               (no ring)

@: flying
A: sickness immunity, fire resistance 2, cold vulnerability 1, float, innate
caster, hp casting, extra vitality 1
a: Renounce Religion, Sea of Fire, Foxfire Swarm, Rising Flame


You were on level 3 of the Dungeon.
You worshipped Ignis.
Ignis was extremely pleased with you.
You visited 1 branch of the dungeon, and saw 4 of its levels.

You collected 32 gold pieces.

Inventory:

Hand Weapons
 a - a -1 short sword of flaming
 g - a +3 dagger (weapon)
Armour
 b - a +0 robe (worn)
Scrolls
 e - a scroll of holy word {unknown}
 f - a scroll of brand weapon {unknown}
Potions
 c - a potion of haste {unknown}
 d - a potion of mutation {unknown}


   Skills:
 + Level 3.6 Fighting
 - Level 2.6 Short Blades
 * Level 3.4 Spellcasting


You had 6 spell levels left.
You knew the following spells:

 Your Spells              Type           Power      Damage    Failure   Level
a - Shock                 Conj/Air       52%        1d6       4%          1
b - Scorch                Fire           26%        2d6       7%          2
Your spell library was empty.

Dungeon Overview and Level Annotations

Branches:
Dungeon (4/15)
 Temple: D:4-7

Altars:

Shops:
D:2 =

Annotations:
D:4 Eustachio


Innate Abilities, Weirdness & Mutations

You are immune to sickness and miasma.
You are immune to poison.
Your flesh is very heat resistant. (rF++)
You are vulnerable to cold. (rC-)
You float through the air rather than walking.
You learn spells naturally, not from books.
Your magical power is your life essence.
You have superior vitality. (+4 HP)


Message History

Eustachio casts a spell.
Eustachio blinks!
A quokka comes into view.
Eustachio mumbles some strange words.
The bat barely misses you. The bat completely misses you.
Eustachio mumbles some strange words.
The quokka barely misses you. The bat barely misses you.
Eustachio mumbles some strange words.
There is a stone staircase leading up here.
The ufetubus disappears in a puff of smoke!
The bat hits you.
* * * LOW HITPOINT WARNING * * *
The necrophage hits you but does no damage.
The quokka bites you.
* * * LOW HITPOINT WARNING * * *
You fly upwards.
There is a stone staircase leading down here.
The quokka bites you.
* * * LOW HITPOINT WARNING * * *
You aren't carrying any items that you can evoke.
Casting: Scorch (safe; 7% risk of failure)
Press: ? - help, Q - select action, (/) - cycle Dir - look around, f - activate Flames lash the quokka.
You kill the quokka!
* * * LOW HITPOINT WARNING * * *
Casting: Scorch (safe; 7% risk of failure)
Press: ? - help, Q - select action, (/) - cycle Dir - look around, f - activate Flames lash the necrophage.
The necrophage is moderately damaged.
The necrophage's fire resistance burns away.
* * * LOW HITPOINT WARNING * * *
Casting: Scorch (safe; 7% risk of failure)
Press: ? - help, Q - select action, (/) - cycle Dir - look around, f - activate Flames lash the necrophage.
The necrophage is burned terribly!
The necrophage is severely damaged.
* * * LOW HITPOINT WARNING * * *
The necrophage hits you.
You die...

# ### .. .. .# #. ..
####.## .#
##....>########.##.#
.............n@.....#
#.......#####.##.####
#.#.###.# #..# # # #
... ..... .###
####... #. ..... #
..... ....


You could see a necrophage (combustible).

Vanquished Creatures
  2 adders (D:2)
  A dart slug (D:1)
  3 orcs (D:4)
  3 bats
  An endoplasm (D:2)
  4 giant cockroaches (D:1)
  2 hobgoblins (D:1)
  4 jackals (D:1)
  2 kobolds
  4 quokkas
  3 ball pythons (D:1)
  4 frilled lizards
  2 rats (D:1)
35 creatures vanquished.

Notes
Turn   | Place    | Note
-------+----------+-------------------------------------------
     0 | D:1      | lunkers the Djinni Cinder Acolyte began the quest for the
                  | Orb.
     0 | D:1      | Reached XP level 1. HP: 20/20 MP: 0/0
   290 | D:1      | Reached XP level 2. HP: 25/25 MP: 0/0
   349 | D:1      | Reached XP level 3. HP: 3/30 MP: 0/0
   349 | D:1      | Learned a level 1 spell: Shock
  1457 | D:2      | Found Jusar's Jewellery Boutique.
  1477 | D:2      | Reached XP level 4. HP: 30/35 MP: 0/0
  1585 | D:2      | You are sucked into a shaft and drop 2 floors!
  1617 | D:4      | Noticed Eustachio
  1643 | D:4      | Noticed a necrophage
  1668 | D:3      | Slain by a necrophage

Illustrated notes

Levels and vault maps discovered:
D:1:      nagdon_arrival_zigzag_paths, layout_basic
D:2:      layout_rooms, serial_shops, shop
D:3:      layout_loops_corners, old_standard_altar,
          mainiacjoe_overflow_small_starburst, chequers_ecumenical_altar_twisty,
          hangedman_abyss_or_decor_lesser_grid, uniq_crazy_yiuf_cottage,
          uniq_ijyb, uniq_jessica
D:4:      layout_cave_pools, uniq_eustachio

Skill      XL: |  1  2  3 |
---------------+----------+-----
Spellcasting   | 3 |  3.4
Fighting       | |  3.6
Short Blades   | |  2.6

Action                   |  1- 3 |  4- 6 || total
-------------------------+-------+-------++-------
Melee: Short sword       |    21 |       ||    21
 Cast: Scorch            |    24 |     9 ||    33
       Shock             |    11 |     3 ||    14
  Use: Potion            |     1 |       ||     1
Armor: Robe              |     9 |     1 ||    10
Dodge: Dodged            |    26 |     5 ||    31

Table legend: (Time is in decaauts)
 A = Elapsed time spent in this place.
 B = Non-inter-level travel time spent in this place.
 C = Inter-level travel time spent in this place.
 D = Time resting spent in this place.
 E = Time spent auto-exploring this place.
 F = Levels seen in this place.
 G = Mean time per level.
                   A        B        C        D        E       F      G
               +--------+--------+--------+--------+--------+-----+--------+
         Total |   1665 |   1643 |     22 |     41 |   1350 |   4 |  416.2 |
       Dungeon |   1665 |   1643 |     22 |     41 |   1350 |   4 |  416.2 |
               +--------+--------+--------+--------+--------+-----+--------+

Top non-repeatable levels by time:
     D:1: 1294 daAuts
     D:2: 289 daAuts
     D:4: 72 daAuts
     D:3: 9 daAuts
